 Dungeon Crawl Stone Soup version 0.23.2-33-g5129a83184 (webtiles) character file.

Game seed: 1269525274061855516

588 troglodite the Cleaver (level 7, -7/52 HPs)
             Began as a Gnoll Wanderer on July 22, 2019.
             Mangled by an ogre
             ... wielding a +0 giant spiked club
              (21 damage)
             ... on level 4 of the Dungeon.
             The game lasted 00:14:06 (7839 turns).

troglodite the Cleaver (Gnoll Wanderer)             Turns: 7839, Time: 00:14:07

Health: -7/52      AC:  8    Str: 16    XL:     7   Next: 38%
Magic:  10/10      EV:  9    Int: 14    God:
Gold:   195        SH:  9    Dex: 15    Spells: 9/10 levels left

rFire    . . .     SeeInvis .   o - +1 dagger (freeze)
rCold    . . .     Gourm    .   m - +0 shield
rNeg     . . .     Faith    .   n - +0 ring mail
rPois    .         Spirit   .   (no helmet)
rElec    .         Reflect  .   (no cloak)
rCorr    .         Harm     .   q - +2 pair of gloves
MR       .....                  (no boots)
Stlth    +.........             (no amulet)
HPRegen  0.17/turn              s - ring of flight
MPRegen  0.12/turn              (no ring)

@: no status effects
A: distributed training, fangs 1, strong nose
a: Evoke Flight


You were on level 4 of the Dungeon.
You were not hungry.

You visited 2 branches of the dungeon, and saw 5 of its levels.

You collected 195 gold pieces.

Inventory:

Hand Weapons
 a - a +2 blowgun
 o - a +1 dagger of freezing (weapon)
Missiles
 b - 2 curare-tipped needles
 l - 7 needles of confusion
 r - 18 poisoned needles
Armour
 e - a +0 robe
 m - a +0 shield (worn)
 n - a +0 ring mail (worn)
 q - a +2 pair of gloves (worn)
Jewellery
 s - a ring of flight (left hand)
Scrolls
 c - 2 scrolls of blinking {unknown}
 d - 5 scrolls of teleportation
 h - 3 scrolls of fear {unknown}
 i - 5 scrolls of identify {unknown}
 u - 3 scrolls of immolation {unknown}
Potions
 g - 2 potions of curing
 j - 4 potions of haste {unknown}
 k - a potion of cancellation {unknown}
 p - a potion of agility {unknown}
 v - a potion of ambrosia {unknown}
 w - a potion of heal wounds {unknown}
Comestibles
 f - 6 rations


   Skills:
 + Level 3.5 Fighting
 + Level 2.4 Short Blades
 + Level 2.4 Long Blades
 + Level 8.9 Axes
 + Level 2.4 Maces & Flails
 + Level 2.4 Polearms
 + Level 2.4 Staves
 + Level 2.4 Slings
 + Level 2.4 Bows
 + Level 2.4 Crossbows
 + Level 3.5 Throwing
 + Level 2.4 Armour
 + Level 2.4 Dodging
 + Level 2.4 Stealth
 + Level 3.5 Shields
 + Level 2.4 Unarmed Combat
 + Level 2.4 Spellcasting
 + Level 2.0 Conjurations
 + Level 4.3 Hexes
 + Level 2.0 Charms
 + Level 2.0 Summonings
 + Level 2.0 Necromancy
 + Level 2.0 Translocations
 + Level 2.0 Transmutations
 + Level 2.9 Fire Magic
 + Level 2.0 Ice Magic
 + Level 2.0 Air Magic
 + Level 2.0 Earth Magic
 + Level 2.0 Poison Magic
 + Level 2.6 Invocations
 + Level 2.4 Evocations


You had 9 spell levels left.
You knew the following spells:

 Your Spells              Type           Power        Failure   Level  Hunger
a - Shock                 Conj/Air       #...         63%         1    #......

Your spell library contained the following spells:

 Spells                   Type           Power        Failure   Level  Hunger
 Static Discharge         Conj/Air       #.......     94%         3    ###....


Dungeon Overview and Level Annotations

Branches:
Dungeon (4/15)             Temple (1/1) D:4

Altars:
Fedhas
Gozag
Hepliaklqana
Kikubaaqudgha
Makhleb
Nemelex Xobeh
Okawaru
Qazlal
Sif Muna
Trog
Uskayaw
Vehumet
Wu Jian
Xom
Yredelemnul
Zin
The Shining One


Innate Abilities, Weirdness & Mutations

Your experience applies equally to all skills.
You have very sharp teeth.
Your uncanny sense of smell can sniff out nearby items.


Message History

You block the ooze's attack. The ooze closely misses you.
You hit the ogre. You freeze the ogre. Your bite misses the ogre.
The ogre is lightly wounded.
The ogre hits you with a +0 giant spiked club!!
You hit the ogre. You freeze the ogre. Your bite misses the ogre.
The ogre is moderately wounded.
You hit the ogre. You freeze the ogre.
The ogre is heavily wounded.
You block the ogre's attack.
You hit the ogre. You freeze the ogre. You bite the ogre, but do no damage.
The ogre is severely wounded.
The ogre hits you with a +0 giant spiked club.
* * * LOW HITPOINT WARNING * * *
You hit the ogre. You freeze the ogre.
The ogre is severely wounded.
You hit the ogre. You freeze the ogre.
The ogre is almost dead.
The ogre hits you with a +0 giant spiked club!!
You die...

###
##################.#
.OJ................#
##################.#
#.........# #.#
#####.#######.####.##
O...#.#.......JO@...#
###.#.#.##.#.#.###.##
..#.#.#....#.#...####
#.#.#.#..###.###....#
#.#.#....# ... #...##
#.#.#..###.###.###.#
#.#....#∆h. ..∆#.#
#.#J##.### ###.#
#.#.#....# #...#


You could see an ogre and an ooze.

Vanquished Creatures
  2 ogres (D:4)
  A bullfrog (D:4)
  A centaur skeleton (D:4)
  A gnoll shaman (D:3)
  2 hounds (D:4)
  An iguana (D:3)
  2 worker ants
  A hound skeleton (D:4)
  4 gnolls (D:4)
  5 adders
  An adder zombie (D:2)
  5 worms
  2 dart slugs
  An orc (D:4)
  2 ball pythons
  3 giant cockroaches
  8 goblins
  3 hobgoblins
  A quokka (D:2)
  8 bats
  8 frilled lizards
  8 kobolds
  A leopard gecko zombie (D:4)
  7 rats
78 creatures vanquished.

Notes
Turn   | Place    | Note
-------+----------+-------------------------------------------
     0 | D:1      | troglodite the Gnoll Wanderer began the quest for the Orb.
     0 | D:1      | troglodite set off with the following items: a +2 blowgun,
                  | 2 curare-tipped needles, a scroll of teleportation, a +0
                  | robe, a ration; and the following spell memorised: Shock;
                  | and the following spells available to memorise: Static
                  | Discharge
     0 | D:1      | Reached XP level 1. HP: 17/17 MP: 1/1
   605 | D:1      | Reached XP level 2. HP: 20/23 MP: 0/2
  1140 | D:2      | Reached XP level 3. HP: 15/28 MP: 3/3
  1613 | D:2      | Reached skill level 1 in Invocations
  1831 | D:2      | Reached skill level 1 in Short Blades
  1831 | D:2      | Reached skill level 1 in Long Blades
  1831 | D:2      | Reached skill level 1 in Maces & Flails
  1831 | D:2      | Reached skill level 1 in Polearms
  1831 | D:2      | Reached skill level 1 in Staves
  1831 | D:2      | Reached skill level 1 in Slings
  1831 | D:2      | Reached skill level 1 in Bows
  1831 | D:2      | Reached skill level 1 in Crossbows
  1831 | D:2      | Reached skill level 1 in Armour
  1831 | D:2      | Reached skill level 1 in Dodging
  1831 | D:2      | Reached skill level 1 in Stealth
  1831 | D:2      | Reached skill level 1 in Unarmed Combat
  1831 | D:2      | Reached skill level 1 in Spellcasting
  1831 | D:2      | Reached skill level 1 in Evocations
  1831 | D:2      | Reached XP level 4. HP: 14/34 MP: 5/5
  2914 | D:3      | Noticed a +0 hand axe
  2915 | D:3      | Noticed a +0 hand axe
  2920 | D:3      | Found a hide-covered altar of Uskayaw.
  3023 | D:3      | Reached skill level 1 in Conjurations
  3023 | D:3      | Reached skill level 1 in Charms
  3023 | D:3      | Reached skill level 1 in Summonings
  3023 | D:3      | Reached skill level 1 in Necromancy
  3023 | D:3      | Reached skill level 1 in Translocations
  3023 | D:3      | Reached skill level 1 in Transmutations
  3023 | D:3      | Reached skill level 1 in Ice Magic
  3023 | D:3      | Reached skill level 1 in Air Magic
  3023 | D:3      | Reached skill level 1 in Earth Magic
  3023 | D:3      | Reached skill level 1 in Poison Magic
  3713 | D:4      | Reached XP level 5. HP: 24/40 MP: 6/6
  4216 | D:3      | HP: 1/41 [iguana (12)]
  4219 | D:3      | Reached XP level 6. HP: 14/47 MP: 8/8
  4951 | D:4      | Found a glowing silver altar of Zin.
  6194 | D:4      | Reached XP level 7. HP: 37/52 MP: 10/10
  6403 | D:4      | Found a staircase to the Ecumenical Temple.
  6413 | Temple   | Entered the Ecumenical Temple
  7839 | D:4      | Mangled by an ogre

Skill      XL: |  1  2  3  4  5  6  7 |
---------------+----------------------+-----
Fire Magic     | 2 |  2.9
Invocations    | 1 2 |  2.6
Short Blades   | 1 2 |  2.4
Long Blades    | 1 2 |  2.4
Maces & Flails | 1 2 |  2.4
Polearms       | 1 2 |  2.4
Staves         | 1 2 |  2.4
Slings         | 1 2 |  2.4
Bows           | 1 2 |  2.4
Crossbows      | 1 2 |  2.4
Armour         | 1 2 |  2.4
Dodging        | 1 2 |  2.4
Stealth        | 1 2 |  2.4
Unarmed Combat | 1 2 |  2.4
Spellcasting   | 1 2 |  2.4
Evocations     | 1 2 |  2.4
Conjurations   | 1 2 |  2.0
Charms         | 1 2 |  2.0
Summonings     | 1 2 |  2.0
Necromancy     | 1 2 |  2.0
Translocations | 1 2 |  2.0
Transmutations | 1 2 |  2.0
Ice Magic      | 1 2 |  2.0
Air Magic      | 1 2 |  2.0
Earth Magic    | 1 2 |  2.0
Poison Magic   | 1 2 |  2.0
Fighting       | 3 |  3.5
Throwing       | 3 |  3.5
Shields        | 3 |  3.5
Hexes          | 4 |  4.3
Axes           | |  8.9

Action                   |  1- 3 |  4- 6 |  7- 9 || total
-------------------------+-------+-------+-------++-------
Melee: Short sword       |   133 |       |       ||   133
       Bite              |    16 |    49 |    10 ||    75
       Punch             |     1 |       |       ||     1
       Dagger            |    13 |   271 |    72 ||   356
 Cast: Shock             |     5 |       |       ||     5
  Use: Potion            |       |     1 |       ||     1
 Stab: Sleeping          |       |     1 |       ||     1
  Eat: Chunk             |     3 |    10 |     3 ||    16
       Ration            |       |     1 |     1 ||     2
Armor: Robe              |    40 |       |       ||    40
       Ring mail         |    44 |    60 |    15 ||   119
Dodge: Dodged            |    90 |    75 |    24 ||   189
Block: Shield            |    49 |    84 |    25 ||   158
